 Dungeon Crawl Stone Soup version 0.29.0-4-gdea44cf6ec (webtiles) character file.

Game seed: 8334476098892252295

68 qw the Chopper (level 4, -11/28 HPs)
             Began as a Gargoyle Fighter on Sept 9, 2022.
             Killed from afar by Natasha (12 damage)
             ... with a bolt of dispelling energy
             ... on level 2 of the Dungeon.
             The game lasted 00:00:29 (1234 turns).

qw the Chopper (Gargoyle Fighter)                   Turns: 1234, Time: 00:00:30

Health: -11/28     AC: 10    Str: 21    XL:     4   Next: 19%
Magic:  4/4        EV:  9    Int:  9    God:
Gold:   149        SH:  4    Dex:  9    Spells: 3/3 levels left

rFire   . . .      SeeInvis .   a - +0 war axe
rCold   . . .      Faith    .   c - +0 buckler
rNeg    + . .      Spirit   .   b - +0 scale mail
rPois   inf        Reflect  .   (no helmet)
rElec   +          Harm     .   (no cloak)
rCorr   .          Rampage  .   (no gloves)
Will    .....                   (no boots)
Stlth   ..........              (no amulet)
HPRegen 0.09/turn               (no ring)
MPRegen 0.09/turn               (no ring)

@: no status effects
A: sickness immunity, AC +3, negative energy resistance 1, electricity
resistance, torment resistance 1, petrification resistance
a: no special abilities


You were on level 2 of the Dungeon.
You visited 1 branch of the dungeon, and saw 2 of its levels.

You collected 149 gold pieces.


Innate Abilities, Weirdness & Mutations

You are immune to sickness and miasma.
Your stone body is resilient. (AC +3)
You are immune to poison.
You resist negative energy. (rN+)
You are resistant to electric shocks. (rElec)
You are resistant to unholy torment.
You are immune to petrification.


   Skills:
 - Level 3.2 Fighting
 + Level 3.9 Axes
 - Level 3.2 Armour
 - Level 3.2 Shields


You had 3 spell levels left.
You didn't know any spells.
Your spell library was empty.

Inventory:

Hand Weapons
 a - a +0 war axe (weapon)
 e - a +0 club
Armour
 b - a +0 scale mail (worn)
 c - a +0 buckler (worn)
Potions
 d - a potion of might

Dungeon Overview and Level Annotations

Branches:
Dungeon (2/15)

Altars:
Trog

Annotations:
D:2 Natasha


Message History

The endoplasm freezes you.
You are frozen.
You slash the endoplasm!
You kill the endoplasm!
Natasha, Servant of Life and Death comes into view.
She is carrying a wand of quicksilver (13).
Natasha casts a spell.
Natasha zaps a wand.
The bolt of dispelling energy hits you!
Ouch! That really hurt!
A rat comes into view.
Natasha casts a spell.
The crimson imp barely misses you.
You miss the crimson imp.
The crimson imp hits you but does no damage.
Natasha casts a spell.
You miss the crimson imp.
The crimson imp hits you but does no damage.
You barely miss the crimson imp. The crimson imp misses you.
Natasha mumbles some strange words.
Natasha glows brightly for a moment.
The crimson imp hits you.
You barely miss the crimson imp. You hit the white imp but do no damage.
You block the white imp's attack. You block the crimson imp's attack.
The white imp gestures at you. You block the puff of frost.
You hit the crimson imp.
The crimson imp is lightly wounded.
You hit the white imp. The crimson imp closely misses you.
You miss the crimson imp. You barely miss the crimson imp.
The crimson imp blinks! x2
The crimson imp hits you but does no damage.
The rat barely misses you.
You miss the crimson imp. You hit the rat.
You kill the rat!
The crimson imp blinks!
Natasha wildly gestures.
Natasha's front paws start to glow.
Natasha zaps a wand.
The bolt of dispelling energy hits you!
You die...

... ...# ¤.. ...#
.### .... ..##
.... ..... ...
...# .....####.#
...# ..........#
....#
.5...5h¤#.##....#
... #.#@........#
....##...%.....##
[......?._..####
...##..........
... #..........#
.. #..........# .
#............
######..........##
................#


You could see Natasha, a crimson imp (summoned) and a white imp (summoned).

Vanquished Creatures
  Natasha (D:2)
  A gnoll (D:1)
  An adder (D:2)
  A worm (D:2)
  4 endoplasms
  A giant cockroach (D:1)
  2 goblins (D:1)
  A hobgoblin (D:1)
  3 kobolds (D:1)
  2 quokkas (D:1)
  A ball python (D:1)
  4 frilled lizards (D:1)
  4 rats
26 creatures vanquished.

Vanquished Creatures (others)
  4 fungi (D:1)
  5 toadstools (D:1)
9 creatures vanquished.

Grand Total: 35 creatures vanquished

Notes
Turn   | Place    | Note
-------+----------+-------------------------------------------
     0 | D:1      | qw the Gargoyle Fighter began the quest for the Orb.
     0 | D:1      | Reached XP level 1. HP: 14/14 MP: 1/1
     0 | D:1      | 0 ||| qw: Version: 0.1-a-113-g051387a
     0 | D:1      | 0 ||| qw: Game counter: 7132
     0 | D:1      | 0 ||| qw: Always use a shield: true
     0 | D:1      | 0 ||| qw: God list: Okawaru
     0 | D:1      | 0 ||| qw: Allow faded altars: false
     0 | D:1      | 0 ||| qw: Do Orc after D:15 true
     0 | D:1      | 0 ||| qw: Do second Lair branch before Depths: true
     0 | D:1      | 0 ||| qw: Lair rune preference: random
     0 | D:1      | 0 ||| qw: Plans: Normal, Zot, God:TSO, Crypt, Tomb, Zig,
                  | Orb
     0 | D:1      | 0 ||| PLANNING D:1-11
   388 | D:1      | Reached XP level 2. HP: 12/19 MP: 2/2
   718 | D:1      | Reached skill level 3 in Axes
   720 | D:1      | 720 ||| Stepping ~*~*~tactically~*~*~ (stealth).
   772 | D:1      | Reached XP level 3. HP: 23/23 MP: 3/3
  1029 | D:1      | Found a faded altar of an unknown god.
  1165 | D:2      | Found a bloodstained altar of Trog.
  1195 | D:2      | Noticed Natasha
  1196 | D:2      | 1196 ||| Stepping ~*~*~tactically~*~*~ (hiding).
  1201 | D:2      | Killed Natasha
  1202 | D:2      | Reached XP level 4. HP: 20/28 MP: 4/4
  1224 | D:2      | Noticed Natasha
  1225 | D:2      | HP: 1/28 [Natasha/bolt of dispelling energy (17)]
  1230 | D:2      | HP: 1/28 [crimson imp[Natasha] (1)]
  1234 | D:2      | Killed from afar by Natasha

Levels and vault maps discovered:
D:1:      dpeg_arrival_central, layout_basic, serial_rivers,
          chequers_serial_rivers_room_a, chequers_serial_rivers_marsh,
          chequers_serial_rivers_micro_e, chequers_serial_rivers_micro_b,
          chequers_serial_rivers_room_a, chequers_serial_rivers_micro_a,
          hellmonk_ecumenical_altar_inner_sanctum, minmay_gold_behind_fungi,
          kennysheep_pointless_box
D:2:      layout_basic, basic_altar, minmay_joined_circles, uniq_natasha,
          uniq_robin, uniq_terence

Skill      XL: |  1  2 |
---------------+-------+-----
Axes           | 2 3 |  3.9
Fighting       | |  3.2
Armour         | |  3.2
Shields        | |  3.2

Action                   |  1- 3 |  4- 6 || total
-------------------------+-------+-------++-------
Melee: War axe           |    68 |    14 ||    82
Armor: Scale mail        |    25 |     8 ||    33
Dodge: Dodged            |    24 |     5 ||    29
Block: Buckler           |     8 |     3 ||    11

Table legend:
 A = Non-vault XP
 B = Vault XP
 C = Vault XP percentage of total XP
 D = Non-vault monster count
 E = Vault monster count
 F = Vault count percentage of total count
                 A         B        C        D         E       F
            +---------+---------+-------+---------+---------+-------
      Total |      64 |      35 |  35.4 |      25 |       1 |   3.8
            +---------+---------+-------+---------+---------+-------
        D:1 |      43 |       0 |   0.0 |      21 |       0 |   0.0
        D:2 |      21 |      35 |  62.5 |       4 |       1 |  20.0
            +---------+---------+-------+---------+---------+-------
